 Dungeon Crawl Stone Soup version 0.26.0-10-g1f06aea511 (webtiles) character file.

Game seed: 5116153130759458997

130 funkygono the Gusty (level 4, -11/33 HPs)
             Began as a Draconian Air Elementalist on Jan 17, 2021.
             Mangled by an iguana (13 damage)
             ... on level 4 of the Dungeon.
             The game lasted 00:04:51 (1811 turns).

funkygono the Gusty (Draconian Air Elementalist)    Turns: 1811, Time: 00:04:51

Health: -11/33     AC:  5    Str: 11    XL:     4   Next: 90%
Magic:  1/8        EV: 12    Int: 16    God:
Gold:   58         SH:  0    Dex: 11    Spells: 3/9 levels left

rFire    . . .     SeeInvis .   h - +0 whip
rCold    . . .     Faith    .   (no shield)
rNeg     . . .     Spirit   .   (armour unavailable)
rPois    .         Reflect  .   (helmet restricted)
rElec    .         Harm     .   (no cloak)
rCorr    .         Rampage  .   (no gloves)
Will     .....                  (no boots)
Stlth    ++........             (no amulet)
HPRegen  0.11/turn              (no ring)
MPRegen  0.11/turn              (no ring)

@: sluggish, very slow
A: unfitting armour, cold-blooded, AC +5
a: no special abilities


You were on level 4 of the Dungeon.
You visited 1 branch of the dungeon, and saw 3 of its levels.

You collected 58 gold pieces.

Inventory:

Hand Weapons
 h - a +0 whip (weapon)
Potions
 a - 2 potions of attraction {unknown}
 c - 2 potions of ambrosia
 d - a potion of magic
 e - a potion of brilliance
 g - a potion of lignification
 i - 2 potions of heal wounds


   Skills:
 + Level 0.1 Fighting
 + Level 0.1 Maces & Flails
 + Level 2.0 Dodging
 + Level 1.8 Stealth
 * Level 3.1 Spellcasting
 * Level 2.6 Conjurations
 * Level 3.9 Air Magic


You had 3 spell levels left.
You knew the following spells:

 Your Spells              Type           Power        Failure   Level
a - Shock                 Conj/Air       52%          4%          1
b - Swiftness             Air            15%          5%          2
c - Static Discharge      Conj/Air       13%          14%         3

Your spell library contained the following spells:

 Spells                   Type           Power        Failure   Level
 Airstrike                Air            7%           36%         4
 Lightning Bolt           Conj/Air       6%           78%         5


Dungeon Overview and Level Annotations

Branches:
Dungeon (2/15)

Altars:


Innate Abilities, Weirdness & Mutations

Your plain brown scales are hard. (AC +5)
You cannot fit into any form of body armour.
You are cold-blooded and may be slowed by cold attacks.


Message History

The iguana misses you.
You barely miss the iguana. You tail-slap the iguana.
The iguana is severely wounded.
You start to feel a little faster.
The iguana bites you but does no damage.
You barely miss the iguana. You tail-slap the iguana.
The iguana is severely wounded.
The iguana bites you.
* * * LOW HITPOINT WARNING * * *
You hit the iguana but do no damage.
The iguana is severely wounded.
The iguana bites you.
* * * LOW HITPOINT WARNING * * *
You closely miss the iguana.
The iguana is severely wounded.
The iguana bites you but does no damage.
You hit the iguana but do no damage.
The iguana is severely wounded.
The iguana bites you!
You die...

#..# ##.#
..###..####..#
#...........#
##..######l##
#.# #..# ###
#.. ##.###.#
.. #.##..# .
##...###
#..ol@#
#..#### ####


You could see an iguana and an orc wizard.

Vanquished Creatures
  A bullfrog (D:2)
  A hound skeleton (D:4)
  An ooze (D:1)
  An adder skeleton (D:4)
  2 dart slugs
  A leopard gecko (D:2)
  A bat (D:1)
  6 goblins
  7 hobgoblins (D:1)
  5 jackals (D:1)
  A ball python (D:1)
  2 frilled lizards
  8 kobolds
  5 rats
42 creatures vanquished.

Notes
Turn   | Place    | Note
-------+----------+-------------------------------------------
     0 | D:1      | funkygono the Draconian Air Elementalist began the quest
                  | for the Orb.
     0 | D:1      | Reached XP level 1. HP: 14/14 MP: 3/3
   204 | D:1      | Reached XP level 2. HP: 17/20 MP: 0/5
   466 | D:1      | Learned a level 2 spell: Swiftness
   726 | D:1      | Reached XP level 3. HP: 23/26 MP: 1/6
  1277 | D:2      | Noticed a bullfrog
  1297 | D:2      | Killed a bullfrog
  1298 | D:2      | Reached XP level 4. HP: 17/33 MP: 2/8
  1302 | D:2      | Learned a level 3 spell: Static Discharge
  1628 | D:2      | You fall into a shaft and drop 2 floors!
  1809 | D:4      | HP: 1/33 [iguana (3)]
  1811 | D:4      | Mangled by an iguana

Illustrated notes

Levels and vault maps discovered:
D:1:      scummos_arrival_forest, layout_loops_ring
D:2:      layout_loops_ring, minmay_hexomino_p4
D:4:      layout_layer_cave

Skill      XL: |  1  2  3  4 |
---------------+-------------+-----
Dodging        | 2 |  2.0
Conjurations   | 2 |  2.6
Spellcasting   | 3 |  3.1
Fighting       | |  0.1
Maces & Flails | |  0.1
Stealth        | |  1.8
Air Magic      | |  3.9

Action                   |  1- 3 |  4- 6 || total
-------------------------+-------+-------++-------
Melee: Unarmed           |    16 |       ||    16
       Tailslap          |     3 |     2 ||     5
       Club              |    11 |       ||    11
       Whip              |    11 |    12 ||    23
 Cast: Shock             |    53 |    27 ||    80
       Swiftness         |       |     1 ||     1
  Use: Scroll            |     7 |     1 ||     8
Armor: Skin              |    15 |     5 ||    20
Dodge: Dodged            |    44 |     8 ||    52
